 Dungeon Crawl Stone Soup version 0.25-a0-105-g2289b3b (console) character file.

Game seed: 11756184723322292303, levelgen mode: deterministic

270244 vegansnacktivist the Earth Mage (level 19, -3/167 HPs)
             Began as a Grey Draconian Earth Elementalist on Nov 3, 2019.
             Was the Champion of Nemelex Xobeh.
             Slain by a vault warden
             ... wielding a +0 war axe
              (37 damage)
             ... on level 1 of the Vaults on Nov 16, 2019.
             The game lasted 03:18:09 (63817 turns).

vegansnacktivist the Earth Mage (DrEE)             Turns: 63817, Time: 03:18:10

Health: -3/167     AC: 19    Str: 11    XL:     19   Next: 42%
Magic:  4/61       EV: 20    Int: 23    God:    Nemelex Xobeh [******]
Gold:   2698       SH:  6    Dex: 15    Spells: 15/46 levels left

rFire    + . .     SeeInvis +   M - staff of power
rCold    + . .     Gourm    .   Y - +0 buckler
rNeg     + . .     Faith    .   (armour unavailable)
rPois    +         Spirit   .   (helmet restricted)
rElec    +         Reflect  .   B - scarf {rC+ rF+}
rCorr    .         Harm     .   V - +2 pair of gloves {Dex+3}
MR       ++...                  k - +0 pair of boots of the Storm King {+Fly rElec MR+}
Stlth    ++........             L - macabre finger necklace {rN+}
HPRegen  0.37/turn              g - ring of magical power
MPRegen  0.37/turn              b - ring of poison resistance
                                F - ring of see invisible

@: about to teleport
A: walk through water, unfitting armour, unbreathing, cold-blooded, AC +15
}: 2/15 runes: decaying, gossamer
a: Draw Escape, Draw Destruction, Draw Summoning, Triple Draw, Deal Four, Stack
Five, Renounce Religion, Evoke Flight


You were on level 1 of the Vaults.
You worshipped Nemelex Xobeh.
Nemelex Xobeh was exalted by your worship.
You were hungry.

You visited 7 branches of the dungeon, and saw 33 of its levels.
You also visited: Ice Cave.

You collected 3452 gold pieces.
You spent 754 gold pieces at shops.

Inventory:

Missiles
 l - 310 stones
 w - 8 throwing nets
 y - 87 poisoned darts (quivered)
 K - 3 silver javelins
 T - 7 curare-tipped darts
Armour
 k - the +0 pair of boots of the Storm King (worn) {+Fly rElec MR+}
   (You found it on level 2 of the Spider Nest)

   It insulates you from electricity.
   It affects your resistance to hostile enchantments.
   It lets you fly.
 B - a scarf of resistance (worn)
 V - a +2 pair of gloves of dexterity (worn)
 Y - a +0 buckler (worn)
Magical Staves
 M - an uncursed staff of power (weapon)
Jewellery
 b - a ring of poison resistance (right hand)
 g - a ring of magical power (left hand)
 j - a cursed ring of teleportation {unknown}
 F - a ring of see invisible (on amulet)
 L - the macabre finger necklace (around neck) {rN+}
   (You found it on level 3 of the Lair of Beasts)

   [amulet of nothing]

   It protects you from negative energy.
Wands
 m - a wand of disintegration (35)
 o - a wand of enslavement (10)
 q - a wand of iceblast (18)
 v - a wand of flame (27)
 x - a wand of acid (4)
 C - a wand of scattershot (14)
 H - a wand of paralysis (3)
 J - a wand of clouds (3)
 Q - a wand of digging (23)
Scrolls
 f - 8 scrolls of teleportation
 i - 10 scrolls of remove curse
 p - 3 scrolls of summoning
 r - 6 scrolls of fog
 u - 8 scrolls of fear
 A - a scroll of identify
 D - 2 scrolls of blinking
 O - 5 scrolls of magic mapping
Potions
 a - 15 potions of curing
 d - 4 potions of magic
 e - 2 potions of invisibility
 h - 5 potions of resistance
 n - 4 potions of brilliance
 s - 2 potions of berserk rage
 t - 5 potions of might
 z - 2 potions of agility
 E - 3 potions of heal wounds
 U - 6 potions of haste
 W - 4 potions of ambrosia
 Z - 3 potions of cancellation
Miscellaneous
 N - a phantom mirror
 P - a lightning rod (3/4)
 R - a box of beasts
Comestibles
 c - 24 rations
 G - 4 chunks of flesh


   Skills:
 - Level 14.2 Fighting
 - Level 12.0 Dodging
 - Level 1.7 Stealth
 + Level 8.5 Shields
 - Level 14.0 Spellcasting
 - Level 14.0 Conjurations
 - Level 1.0 Transmutations
 - Level 18.1 Earth Magic
 - Level 12.0 Invocations
 - Level 11.0 Evocations


You had 15 spell levels left.
You knew the following spells:

 Your Spells              Type           Power        Failure   Level  Hunger
a - Sandblast             Erth           ######       0%          1    None
b - Passwall              Tmut/Erth      ######..     1%          2    None
c - Stone Arrow           Conj/Erth      ######       0%          3    None
d - Petrify               Tmut/Erth      ######..     1%          4    None
e - Lee's Rapid Deconstr  Erth           #######...   1%          5    ###....
f - Blink                 Tloc           N/A          5%          2    None
g - Mephitic Cloud        Conj/Pois/Air  #####...     1%          3    None
h - Conjure Flame         Conj/Fire      #####...     1%          3    None
i - Swiftness             Chrm/Air       ###.....     5%          2    None
j - Iron Shot             Conj/Erth      ######....   1%          6    #####..

Your spell library contained the following spells:

 Spells                   Type           Power        Failure   Level  Hunger
 Magic Dart               Conj           ####         0%          1    None
 Throw Frost              Conj/Ice       #####.       1%          2    None
 Fulminant Prism          Conj/Hex       #####.....   1%          4    None
 Leda's Liquefaction      Hex/Erth       ######....   1%          4    None
 Throw Icicle             Conj/Ice       #####...     1%          4    None
 Bolt of Magma            Conj/Fire/Erth ######....   1%          5    ###....
 Beastly Appendage        Tmut           ###...       2%          1    None
 Animate Skeleton         Necr           N/A          3%          1    None
 Confusing Touch          Hex            ###...       3%          1    None
 Freeze                   Ice            ###.         3%          1    None
 Infusion                 Chrm           ###.         3%          1    None
 Pain                     Necr           ###.         3%          1    None
 Summon Small Mammal      Summ           ###.         3%          1    None
 Sticks to Snakes         Tmut           ###.....     3%          2    None
 Call Imp                 Summ           ###.....     5%          2    None
 Shroud of Golubria       Chrm/Tloc      ###...       5%          2    None
 Slow                     Hex            ###.....     5%          2    None
 Song of Slaying          Chrm           ###.....     5%          2    None
 Iskenderun's Battlesphe  Conj/Chrm      #####...     6%          5    ###....
 Venom Bolt               Conj/Pois      #####.....   6%          5    ###....
 Spider Form              Tmut/Pois      ###.......   9%          3    None
 Orb of Destruction       Conj           ######....   10%         7    ######.
 Confuse                  Hex            ###.....     11%         3    None
 Gell's Gravitas          Tloc           ###.......   11%         3    None
 Ozocubu's Armour         Chrm/Ice       ###.....     11%         3    None
 Regeneration             Chrm/Necr      ###.......   11%         3    None
 Spectral Weapon          Hex/Chrm       ###.....     11%         3    None
 Summon Guardian Golem    Hex/Summ       ###.....     11%         3    None
 Vampiric Draining        Necr           ###.......   11%         3    None
 Statue Form              Tmut/Erth      ######...    11%         6    #####..
 Ice Form                 Ice/Tmut       ###.....     30%         4    None
 Animate Dead             Necr           N/A          36%         4    None
 Passage of Golubria      Tloc           N/A          36%         4    None
 Summon Ice Beast         Ice/Summ       ###.....     36%         4    None
 Blade Hands              Tmut           ###.......   56%         5    ###....
 Yara's Violent Unravell  Hex/Tmut       ###.......   63%         5    ###....
 Freezing Cloud           Conj/Ice/Air   #####.....   63%         6    #####..
 Metabolic Englaciation   Hex/Ice        ###.......   71%         5    ###....
 Spellforged Servitor     Conj/Summ      #####.....   87%         7    ######.
 Shatter                  Erth           #######...   91%         9    #######
 Darkness                 Hex            ###.......   99%         6    #####..
 Invisibility             Hex            ###.....     99%         6    #####..
 Dragon's Call            Summ           ###.......   100%        9    #######


Dungeon Overview and Level Annotations

Branches:
Dungeon (15/15)            Temple (1/1) D:5            Lair (6/6) D:10
  Swamp (4/4) Lair:2       Spider (4/4) Lair:3        Slime (0/5) Lair:6
    Orc (2/2) D:10            Elf (0/3) Orc:2        Vaults (1/5) D:14
 Depths (0/5) D:15          IceCv (visited)

Altars:
Ashenzari
Cheibriados
Dithmenos
Elyvilon
Fedhas
Gozag
Hepliaklqana
Kikubaaqudgha
Makhleb
Nemelex Xobeh
Okawaru
Qazlal
Ru
Sif Muna
Trog
Uskayaw
Vehumet
Wu Jian
Xom
Yredelemnul
Zin
The Shining One
Beogh

Shops:
D:6 =   Orc:1 ?   Orc:2 (*[=[=   Vaults:1 ?

Annotations:
Spider:2 3 transporters


Innate Abilities, Weirdness & Mutations

You can walk through water.
Your dull iron-grey scales are very hard. (AC +15)
You cannot fit into any form of body armour.
You can survive without breathing.
You are cold-blooded and may be slowed by cold attacks.


Message History

Aiming: Lee's Rapid Deconstruction (safe; 1% risk of failure)
Press: ? - help, Dir - move target cursor A stone wall.
The wall shatters!
The blast of rock fragments hits the orc knight but does no damage.
The orc knight is heavily wounded.
The blast of rock fragments hits the great orb of eyes!!
The great orb of eyes is heavily wounded.
The blast of rock fragments hits the yaktaur captain!!
You kill the yaktaur captain!
The blast of rock fragments hits the vault warden!
The vault warden is almost dead.
You block the vault guard's attack.
A skeletal warrior comes into view. It is wielding a +0 dire flail.
The vault guard closely misses you.
Unknown command.
You feel much better.
The vault warden hits you with a +0 war axe!!!
You die...
Your body glows with a rainbow of weird colours and disappears.

#.........# ##.)# #.....
#.........# #...# #.....
#.........########..8# #.....
#.........#......#...# #.....
#.........#......##..# ######
#.........#......###'#
#.........#......##..#
#.....†..o#pp....'...########
#........oGp@....'..⌠..'..8..
#####.......z)########.....#.....
....')........# ##...###...#
....))......y.# ## ##### #####
....#).......p#..#
....'........p'..#
....########+##..#.oC ....#
....).#..ypG. ....#
#.......#..#..c


You could see a vault warden, 2 vault guards, 2 orc knights, a great orb of eyes
and a skeletal warrior.

Vanquished Creatures
  Jorgrun (D:14)
  7 thorn hunters
  2 storm dragons (Lair:6)
  Roxanne (Swamp:3)
  A fire giant (D:15)
  An orc warlord (Orc:2)
  8 ghost moths
  4 emperor scorpions
  A vault warden (Vaults:1)
  5 ironheart preservers (Vaults:1)
  A war gargoyle (D:13)
  3 entropy weavers
  A spark wasp (Spider:4)
  34 hydras
  3 vault guards (Vaults:1)
  2 shambling mangroves
  3 yaktaur captains (Vaults:1)
  5 centaur warriors
  A death knight (Vaults:1)
  5 ghost crabs
  A catoblepas (Lair:6)
  14 two-headed ogres
  A death yak (Lair:6)
  A queen ant (Lair:6)
  2 deep troll shamans
  2 orc high priests (Orc:2)
  2 spriggan berserkers
  8 alligators
  Urug (Lair:3)
  5 ogre magi
  A deep elf knight (D:13)
  3 skeletal warriors (D:12)
  6 unseen horrors
  A flayed ghost (Vaults:1)
  3 deep trolls (Vaults:1)
  A spriggan druid (Swamp:3)
  10 swamp dragons
  2 deep elf archers (D:13)
  A wizard (Vaults:1)
  2 ironbrand convokers (Vaults:1)
  A necromancer (IceCv)
  14 orb spiders
  3 phantasmal warriors (Vaults:1)
  8 orc knights
  35 wolf spiders
  10 cyclopes
  6 orc sorcerers
  6 oklob plants
  12 ugly things
  15 deep elf magi
  A moth of wrath (Spider:4)
  3 manticores
  8 elephants (Lair:6)
  2 centaur zombies
  An ice statue (IceCv)
  2 torpor snails
  3 black mambas
  2 vault sentinels (Vaults:1)
  2 gargoyles (D:15)
  Psyche (D:11)
  15 spiny frogs
  4 centaur skeletons
  An efreet (D:15)
  8 rime drakes
  9 komodo dragons
  2 kobold demonologists (D:14)
  16 demonic crawlers
  4 yaktaurs (Vaults:1)
  The ghost of Wuag the Ruffian, an amateur TrMo (D:4)
  11 freezing wraiths
  3 meliai
  The ghost of kiwi3s the Chopper, an amateur MiBe of Trog (D:3)
  A harpy zombie (D:15)
  A queen bee (Spider:4)
  6 trolls
  61 jumping spiders
  27 hornets
  17 tyrant leeches
  12 blink frogs
  16 bog bodies
  A harpy skeleton (D:15)
  A meliai zombie (D:12)
  20 slime creatures
  7 dream sheep (Lair:5)
  10 hippogriffs
  7 shadows
  94 redbacks
  4 spriggans
  33 tarantellas
  5 water elementals (D:15)
  A wraith (D:15)
  A wyvern (D:11)
  22 yaks
  A fire bat (Swamp:2)
  4 basilisks
  2 chaos spawn (D:11)
  3 hungry ghosts
  36 vampire mosquitoes
  13 insubstantial wisps
  7 wargs
  Menkaure (D:4)
  22 swamp worms
  A hydra simulacrum (Swamp:2)
  A soldier ant (D:9)
  3 acid dragons
  12 water moccasins
  8 swamp drakes
  7 porcupines
  14 ice beasts
  An eye of draining (D:12)
  33 orc warriors
  5 phantoms
  4 black bears
  2 sky beasts
  3 black mamba simulacra (Lair:6)
  A spectral blink frog (Swamp:2)
  24 ogres
  An ogre (shapeshifter) (Vaults:1)
  4 wolves (Lair:6)
  11 crocodiles
  13 centaurs
  14 bullfrogs
  5 big kobolds
  A wyvern zombie (D:13)
  2 gnoll sergeants
  9 scorpions
  A blink frog simulacrum (Swamp:2)
  A hornet simulacrum (Vaults:1)
  24 killer bees
  An elephant simulacrum (IceCv)
  A dream sheep simulacrum (Lair:6)
  5 wights (D:11)
  4 howler monkeys (D:9)
  14 electric eels
  9 crimson imps
  2 bullfrog zombies
  A quasit (D:10)
  2 komodo dragon simulacra (Lair:6)
  5 draconian simulacra (IceCv)
  5 hounds
  3 jellies
  26 orc priests
  A bullfrog skeleton (D:12)
  30 orc wizards
  Crazy Yiuf (D:7)
  An iron imp (D:13)
  2 iguanas
  7 worker ants
  2 spriggan simulacra (IceCv)
  6 troll simulacra (IceCv)
  3 wolf simulacra (IceCv)
  3 centaur simulacra (IceCv)
  A hound zombie (D:5)
  A hound skeleton (D:8)
  18 gnolls
  8 adders
  2 naga simulacra (IceCv)
  2 ogre simulacra (IceCv)
  3 shadow imps
  12 white imps (IceCv)
  An ooze (D:2)
  An adder zombie (D:7)
  An adder skeleton (D:5)
  4 worms
  2 dart slugs
  7 leopard geckos
  87 orcs
  6 giant cockroaches
  4 goblins
  12 hobgoblins
  18 jackals
  19 kobolds
  4 quokkas
  A ball python (D:2)
  6 bats
  6 frilled lizards
  A giant cockroach zombie (D:5)
  A jackal skeleton (D:7)
  A leopard gecko skeleton (D:7)
  2 quokka skeletons
  4 rats
  6 fungi (Lair:6)
  4 plants (Lair:6)
1386 creatures vanquished.

Vanquished Creatures (collateral kills)
  Nikola (Swamp:3)
  The ghost of grandjackal the Deadly Accurate, an adept CeFi of Okawaru (Swamp:2)
  An azure jelly (Orc:1)
  The ghost of Alphaeus the Blocker, a journeyman TrFi of Cheibriados (Lair:6)
  An emperor scorpion (Lair:6)
  An entropy weaver (Lair:6)
  A dire elephant (Lair:6)
  A minotaur (Lair:6)
  A hydra (Lair:4)
  An orc knight (Orc:1)
  A wolf spider (Spider:1)
  A jumping spider (Spider:4)
  A hornet (Spider:1)
  2 redbacks
  A bullfrog (Lair:4)
  A komodo dragon simulacrum (Lair:6)
  A fungus (Lair:6)
18 creatures vanquished.

Vanquished Creatures (others)
  A deep elf knight (D:13)
  A wolf spider (Spider:1)
  A centaur skeleton (D:15)
  2 demonic crawlers
  2 jumping spiders (Spider:1)
  A redback (Spider:3)
  A tarantella (Spider:3)
  A vampire mosquito (D:15)
  An orc wizard (Orc:2)
  2 ball lightnings
  An orc (Orc:2)
  11 fungi
  22 plants
  9 toadstools (Swamp:1)
56 creatures vanquished.

Grand Total: 1460 creatures vanquished

Notes
Turn   | Place    | Note
-------+----------+-------------------------------------------
     0 | D:1      | vegansnacktivist the Draconian Earth Elementalist began the
                  | quest for the Orb.
     0 | D:1      | Reached XP level 1. HP: 14/14 MP: 3/3
   188 | D:1      | Reached XP level 2. HP: 20/20 MP: 3/5
   393 | D:1      | Learned a level 2 spell: Passwall
   472 | D:1      | Reached skill level 4 in Earth Magic
   802 | D:2      | Reached XP level 3. HP: 26/26 MP: 4/6
   859 | D:2      | Learned a level 3 spell: Stone Arrow
  2256 | D:3      | Reached XP level 4. HP: 33/33 MP: 5/7
  2290 | D:3      | Reached skill level 5 in Earth Magic
  2338 | D:3      | Found a runed translucent door.
  2548 | D:3      | Found a glowing silver altar of Zin.
  2559 | D:3      | Reached XP level 5. HP: 26/38 MP: 8/8
  3053 | D:3      | Found a white marble altar of Elyvilon.
  3108 | D:3      | Reached skill level 6 in Earth Magic
  3133 | D:3      | Noticed kiwi3s's ghost (amateur MiBe)
  3175 | D:3      | Found an opulent altar of Gozag.
  3576 | D:4      | Noticed Wuag's ghost (amateur TrMo)
  3577 | D:4      | Found a transporter.
  3579 | D:4      | Noticed an ogre
  3581 | D:4      | Found a transporter.
  3758 | D:4      | Noticed Menkaure
  3764 | D:4      | Killed Menkaure
  3764 | D:4      | Reached skill level 7 in Earth Magic
  3764 | D:4      | Reached XP level 6. HP: 45/45 MP: 5/9
  3958 | D:5      | Entered Level 5 of the Dungeon
  3959 | D:5      | Found a staircase to the Ecumenical Temple.
  4187 | D:5      | Noticed an ice beast
  4196 | Temple   | Entered the Ecumenical Temple
  4317 | D:5      | Killed an ice beast
  4350 | D:5      | Learned a level 4 spell: Petrify
  4411 | D:5      | Your scales start taking on a dull iron-grey colour.
  4411 | D:5      | Reached skill level 8 in Earth Magic
  4411 | D:5      | Reached XP level 7. HP: 48/50 MP: 12/12
  4411 | D:5      | Gained mutation: You can survive without breathing. [Grey
                  | Draconian growth]
  5109 | D:5      | Reached skill level 5 in Spellcasting
  5117 | D:5      | Learned a level 5 spell: Lee's Rapid Deconstruction
  5618 | D:6      | Found a bloodstained altar of Trog.
  5628 | D:6      | Reached XP level 8. HP: 57/57 MP: 7/17
  5797 | D:6      | Found Cahios's Jewellery Emporium.
  6459 | D:7      | Found an iron altar of Okawaru.
  6467 | D:7      | Noticed a hippogriff
  6491 | D:7      | Killed a hippogriff
  6498 | D:7      | Reached skill level 9 in Earth Magic
  6764 | D:7      | Reached skill level 1 in Fighting
  6948 | D:7      | Noticed a +0 hand axe
  6948 | D:7      | Noticed a +0 dagger
  6949 | D:7      | Found a hide-covered altar of Uskayaw.
  7011 | D:7      | Found a sparkling altar of Nemelex Xobeh.
  7011 | D:7      | Found a shimmering altar of Xom.
  7012 | D:7      | Found a shadowy altar of Dithmenos.
  7016 | D:7      | Became a worshipper of Nemelex Xobeh the Trickster
  7036 | D:7      | Found a snail-covered altar of Cheibriados.
  7099 | D:7      | Found a runed translucent door.
  7100 | D:7      | Noticed Crazy Yiuf
  7106 | D:7      | Killed Crazy Yiuf
  7171 | D:7      | Received a gift from Nemelex Xobeh
  7285 | D:8      | Reached XP level 9. HP: 72/72 MP: 16/21
  7707 | D:8      | Reached * piety under Nemelex Xobeh
  7777 | D:8      | Learned a level 2 spell: Blink
  7781 | D:8      | Learned a level 3 spell: Mephitic Cloud
  7785 | D:8      | Learned a level 3 spell: Conjure Flame
  7846 | D:8      | Reached skill level 5 in Fighting
  9052 | D:9      | Received a gift from Nemelex Xobeh
  9054 | D:9      | Reached ** piety under Nemelex Xobeh
  9312 | D:9      | Found a bloodstained altar of Trog.
  9315 | D:9      | Found a burning altar of Makhleb.
  9318 | D:9      | Found a shimmering blue altar of Sif Muna.
  9621 | D:9      | Reached skill level 10 in Fighting
 10070 | D:9      | Reached XP level 10. HP: 93/93 MP: 20/22
 10076 | D:9      | Found a glowing golden altar of the Shining One.
 10158 | D:9      | Found a basalt altar of Yredelemnul.
 10301 | D:3      | Killed kiwi3s's ghost
 10508 | D:4      | Killed Wuag's ghost
 10658 | D:10     | Entered Level 10 of the Dungeon
 10752 | D:10     | Identified the +1 leather armour of the Country {Str+4
                  | Int+3}
 11060 | D:10     | Noticed an unseen horror
 11063 | D:10     | Killed an unseen horror
 11063 | D:10     | Reached skill level 5 in Dodging
 11078 | D:10     | Found a staircase to the Orcish Mines.
 11134 | D:10     | Noticed a two-headed ogre
 11140 | D:10     | Killed a two-headed ogre
 11363 | D:10     | Found a staircase to the Lair.
 11477 | D:10     | Reached *** piety under Nemelex Xobeh
 11628 | Lair:1   | Entered Level 1 of the Lair of Beasts
 11695 | Lair:1   | Reached XP level 11. HP: 63/102 MP: 21/23
 12057 | Lair:1   | Received a gift from Nemelex Xobeh
 12542 | Lair:1   | Noticed a seven-headed hydra
 12550 | Lair:1   | Killed a seven-headed hydra
 12553 | Lair:1   | Reached skill level 10 in Dodging
 12894 | Lair:2   | Received a gift from Nemelex Xobeh
 13058 | Lair:2   | Reached **** piety under Nemelex Xobeh
 13683 | Lair:2   | Noticed a four-headed hydra
 13696 | Lair:2   | Killed a four-headed hydra
 13736 | Lair:2   | Noticed a seven-headed hydra
 13756 | Lair:2   | Killed a seven-headed hydra
 13756 | Lair:2   | Reached XP level 12. HP: 110/110 MP: 24/24
 14031 | Lair:2   | Found a staircase to the Swamp.
 14621 | Lair:3   | Noticed a seven-headed hydra
 14624 | Lair:3   | Killed a seven-headed hydra
 14746 | Lair:3   | Found the macabre finger necklace {rN+}
 14761 | Lair:3   | Received a gift from Nemelex Xobeh
 14786 | Lair:3   | Found a hole to the Spider Nest.
 14856 | Lair:3   | Got a ripped robe
 14869 | Lair:3   | Noticed Urug
 14879 | Lair:3   | Killed Urug
 14901 | Lair:3   | Reached ***** piety under Nemelex Xobeh
 15074 | Lair:3   | Noticed a five-headed hydra
 15081 | Lair:3   | Killed a five-headed hydra
 15130 | Lair:3   | Received a gift from Nemelex Xobeh
 15866 | Lair:4   | Received a gift from Nemelex Xobeh
 16019 | Lair:4   | Noticed a six-headed hydra
 16031 | Lair:4   | Killed a six-headed hydra
 16031 | Lair:4   | Reached skill level 1 in Invocations
 16500 | Lair:4   | Received a gift from Nemelex Xobeh
 17336 | Lair:5   | Received a gift from Nemelex Xobeh
 17467 | Lair:5   | Reached skill level 5 in Invocations
 17627 | Lair:5   | Received a gift from Nemelex Xobeh
 17917 | Lair:5   | Reached ****** piety under Nemelex Xobeh
 18400 | Lair:6   | Entered Level 6 of the Lair of Beasts
 18405 | Lair:6   | Noticed a five-headed hydra
 18413 | Lair:6   | Killed a five-headed hydra
 18631 | Lair:6   | Noticed Alphaeus's ghost (journeyman TrFi)
 18638 | Lair:6   | Noticed a death yak
 18639 | Lair:6   | Noticed a death yak
 18640 | Lair:6   | Noticed a death yak
 18642 | Lair:6   | Noticed a death yak
 18643 | Lair:6   | Noticed a queen ant
 18643 | Lair:6   | a death yak changed into a queen ant
 18643 | Lair:6   | Noticed an entropy weaver
 18643 | Lair:6   | a death yak changed into an entropy weaver
 18643 | Lair:6   | Noticed an emperor scorpion
 18643 | Lair:6   | a death yak changed into an emperor scorpion
 18644 | Lair:6   | Killed a queen ant
 18644 | Lair:6   | Reached XP level 13. HP: 118/118 MP: 26/26
 18645 | Lair:6   | an entropy weaver changed into a manticore
 18655 | Lair:6   | an emperor scorpion changed into a komodo dragon
 18660 | Lair:6   | Killed a ghost moth
 18660 | Lair:6   | Reached skill level 10 in Spellcasting
 18834 | Lair:6   | Received a gift from Nemelex Xobeh
 19078 | Lair:6   | Found a staircase to the Slime Pits.
 19096 | Lair:6   | Noticed a thorn hunter
 19096 | Lair:6   | an oklob plant changed into a thorn hunter
 19099 | Lair:6   | Killed a thorn hunter
 19256 | Lair:6   | Found a runed translucent gate.
 19261 | Lair:6   | Found a runed translucent gate.
 19261 | Lair:6   | Found a runed translucent gate.
 19291 | Lair:6   | Found a glowing golden altar of the Shining One.
 19293 | Lair:6   | Identified a scroll of acquirement
 19829 | Lair:6   | Identified the -1 long sword of Truth {pain, Dex+2}
 19830 | Lair:6   | Noticed an entropy weaver
 19830 | Lair:6   | a death yak changed into an entropy weaver
 19830 | Lair:6   | Noticed an emperor scorpion
 19830 | Lair:6   | a death yak changed into an emperor scorpion
 19830 | Lair:6   | Noticed a storm dragon
 19830 | Lair:6   | a death yak changed into a storm dragon
 19830 | Lair:6   | Noticed a storm dragon
 19830 | Lair:6   | a catoblepas changed into a storm dragon
 19830 | Lair:6   | Noticed a minotaur
 19830 | Lair:6   | a death yak changed into a minotaur
 19832 | Lair:6   | Identified the +2 long sword of the Crypt {freeze, MR+
                  | Str+2}
 19836 | Lair:6   | Killed an entropy weaver
 20435 | Lair:6   | Killed a storm dragon
 20453 | Lair:6   | Killed a storm dragon
 20829 | Lair:6   | Killed an emperor scorpion
 20873 | Lair:6   | Killed a minotaur
 21298 | Lair:6   | Noticed a dire elephant
 21305 | Lair:6   | Killed a dire elephant
 21369 | Lair:6   | Noticed a ghost moth
 21382 | Lair:6   | Killed a ghost moth
 21764 | Lair:6   | Killed Alphaeus's ghost
 21764 | Lair:6   | Reached XP level 14. HP: 126/126 MP: 31/31
 21792 | Lair:6   | Got the ring "Kyfrih" {Fire}
 21958 | Lair:1   | Identified the ring "Kyfrih" {Fire rElec Int+3} (You found
                  | it on level 6 of the Lair of Beasts)
 21992 | D:11     | Found a frozen archway.
 22099 | IceCv    | Entered an ice cave
 22613 | IceCv    | Found an ancient bone altar of Kikubaaqudgha.
 22893 | IceCv    | Reached skill level 10 in Invocations
 23556 | D:11     | Received a gift from Nemelex Xobeh
 23738 | D:11     | Reached skill level 10 in Earth Magic
 23741 | D:11     | Noticed Psyche
 23744 | D:11     | Killed Psyche
 23818 | D:11     | Received a gift from Nemelex Xobeh
 24230 | D:11     | Found a shimmering altar of Xom.
 24231 | D:11     | Found the +7 mace of Variability {chain chaos}
 24824 | D:12     | Reached skill level 11 in Earth Magic
 25078 | D:12     | Received a gift from Nemelex Xobeh
 25628 | D:12     | Reached skill level 12 in Earth Magic
 26271 | D:13     | Reached skill level 13 in Earth Magic
 27069 | D:13     | Found a runed translucent door.
 27264 | D:13     | Received a gift from Nemelex Xobeh
 27337 | D:13     | Reached skill level 14 in Earth Magic
 27671 | D:13     | Reached XP level 15. HP: 128/132 MP: 22/32
 27844 | D:13     | Identified the cursed +1 robe "Icoazikewn" {*Corrode Str+2
                  | Dex+4}
 27903 | D:13     | Got a faintly glowing glass ring
 28062 | D:13     | Reached skill level 15 in Earth Magic
 28144 | D:13     | Identified the ring "Gadgh" {rF+ rN++} (You found it on
                  | level 13 of the Dungeon)
 28150 | D:13     | Learned a level 2 spell: Swiftness
 28157 | D:13     | Learned a level 6 spell: Iron Shot
 28163 | D:13     | Reached skill level 1 in Conjurations
 28454 | D:14     | Received a gift from Nemelex Xobeh
 28779 | D:14     | Reached skill level 5 in Conjurations
 28836 | D:14     | Noticed Jorgrun
 28844 | D:14     | Killed Jorgrun
 29684 | D:14     | Received a gift from Nemelex Xobeh
 30082 | D:14     | Found a gate to the Vaults.
 30151 | D:15     | Entered Level 15 of the Dungeon
 30325 | D:15     | Noticed a fire giant
 30328 | D:15     | Killed a fire giant
 30350 | D:15     | Found a staircase to the Depths.
 30644 | D:15     | Received a gift from Nemelex Xobeh
 31454 | D:15     | Reached skill level 10 in Conjurations
 31671 | D:15     | Reached skill level 1 in Evocations
 31718 | D:15     | Identified the Collected Works on Glacial Summoning
 31823 | D:15     | Identified the Compendium of Enthralling Companions
 32645 | Lair:1   | Upgraded the game from 0.25-a0-68-ge58f8a5 to
                  | 0.25-a0-105-g2289b3b
 32678 | Orc:1    | Entered Level 1 of the Orcish Mines
 32678 | Orc:1    | Received a gift from Nemelex Xobeh
 32930 | Orc:1    | Reached skill level 5 in Evocations
 32999 | Orc:1    | Noticed an orc warlord
 33137 | Orc:1    | Noticed an azure jelly
 33137 | Orc:1    | an orc warlord changed into an azure jelly
 33143 | Orc:1    | Killed an azure jelly
 33143 | Orc:1    | Reached XP level 16. HP: 139/139 MP: 33/33
 33414 | Orc:2    | Entered Level 2 of the Orcish Mines
 33628 | Orc:2    | Found Yjemym's Jewellery Shoppe.
 33763 | Orc:2    | Found a staircase to the Elven Halls.
 33772 | Orc:2    | Received a gift from Nemelex Xobeh
 33915 | Orc:1    | Found Koerur's Magic Scroll Shop.
 33929 | Orc:1    | Bought a scroll of blinking for 105 gold pieces
 33929 | Orc:1    | Bought a scroll of identify for 28 gold pieces
 33929 | Orc:1    | Bought a scroll of identify for 28 gold pieces
 33929 | Orc:1    | Bought a scroll of magic mapping for 49 gold pieces
 34056 | Orc:1    | Received a gift from Nemelex Xobeh
 34131 | Orc:2    | Reached skill level 1 in Shields
 35431 | Orc:2    | Found a roughly hewn altar of Beogh.
 35809 | Orc:2    | Found Avil Idd's Antique Armour Shoppe.
 35863 | Orc:2    | Found Boli Guth's Antique Weapon Shoppe.
 35899 | Orc:2    | Bought a pair of embroidered boots for 142 gold pieces
 35909 | Orc:2    | Bought a pair of glowing boots for 142 gold pieces
 35921 | Orc:2    | Bought a runed scarf for 152 gold pieces
 35959 | Orc:2    | Found Quschina's Jewellery Shoppe.
 36112 | Orc:2    | Received a gift from Nemelex Xobeh
 36112 | Orc:2    | Found Erucoj's Antique Armour Shop.
 36187 | Orc:2    | Found Reruopt's General Store.
 36541 | Lair:4   | Reached skill level 5 in Shields
 36877 | Spider:1 | Entered Level 1 of the Spider Nest
 39258 | Spider:2 | Received a gift from Nemelex Xobeh
 39526 | Spider:1 | Paralysed by a hornet for 3 turns
 40576 | Spider:2 | Found a transporter.
 40622 | Spider:2 | Found a transporter.
 40623 | Spider:2 | Found a transporter.
 40637 | Spider:2 | Found a transporter.
 40638 | Spider:2 | Found a transporter.
 41893 | Spider:3 | Reached XP level 17. HP: 152/152 MP: 34/34
 42322 | Spider:3 | Received a gift from Nemelex Xobeh
 43502 | Spider:4 | Entered Level 4 of the Spider Nest
 43889 | Spider:4 | Received a gift from Nemelex Xobeh
 44614 | Spider:4 | Reached skill level 10 in Evocations
 49340 | Spider:4 | Received a gift from Nemelex Xobeh
 49354 | Spider:4 | Got a gossamer rune of Zot
 49878 | Swamp:1  | Entered Level 1 of the Swamp
 51221 | Swamp:1  | Received a gift from Nemelex Xobeh
 51629 | Swamp:2  | Found a transporter.
 51883 | Swamp:1  | Reached XP level 18. HP: 151/160 MP: 3/35
 52248 | Swamp:2  | Noticed grandjackal's ghost (adept CeFi)
 52252 | Swamp:2  | Found a transporter.
 53004 | Swamp:2  | You are sucked into a shaft and drop 1 floor!
 53012 | Swamp:3  | Received a gift from Nemelex Xobeh
 53320 | Swamp:2  | You are sucked into a shaft and drop 1 floor!
 53786 | Swamp:3  | Noticed Nikola
 53803 | Swamp:3  | Killed Nikola
 53803 | Swamp:3  | Reached skill level 16 in Earth Magic
 54403 | Swamp:3  | Noticed Roxanne
 54408 | Swamp:3  | Killed Roxanne
 54837 | Swamp:2  | Received a gift from Nemelex Xobeh
 55541 | Swamp:4  | Entered Level 4 of the Swamp
 55989 | Swamp:3  | Reached skill level 17 in Earth Magic
 57946 | Swamp:4  | Reached skill level 18 in Earth Magic
 59377 | Swamp:4  | Received a gift from Nemelex Xobeh
 59769 | Swamp:4  | Got a decaying rune of Zot
 60352 | Swamp:2  | HP: 1/160 [grandjackal's ghost (13)]
 60356 | Swamp:2  | Killed grandjackal's ghost
 61406 | Spider:2 | Got a pair of ancient boots
 61422 | Spider:2 | Identified the +0 pair of boots of the Storm King {+Fly
                  | rElec MR+} (You found it on level 2 of the Spider Nest)
 61650 | Vaults:1 | Entered Level 1 of the Vaults
 61726 | Vaults:1 | Reached XP level 19. HP: 87/167 MP: 17/37
 61916 | Vaults:1 | Received a gift from Nemelex Xobeh
 61979 | Vaults:1 | Found Oluvaa's Magic Scroll Shop.
 61984 | Vaults:1 | Bought a scroll of teleportation for 36 gold pieces
 61984 | Vaults:1 | Bought a scroll of teleportation for 36 gold pieces
 61984 | Vaults:1 | Bought a scroll of teleportation for 36 gold pieces
 63467 | Vaults:1 | Received a gift from Nemelex Xobeh
 63817 | Vaults:1 | Slain by a vault warden

Levels and vault maps discovered:
D:1:      dpeg_arrival_water_altar, layout_basic
D:2:      layout_basic, kennysheep_boxes
D:3:      layout_basic, lemuel_doored_altar, overflow_temple_1_default,
          ebering_ghost_sewer_d, first_ration, nicolae_gozag_seed_capital
D:4:      layout_rooms, gammafunk_ghost_smash, corexii_checkpoint_b,
          uniq_menkaure
D:5:      layout_loops_cross, minmay_temple_entry_sparse_star
D:6:      layout_cave_pools, serial_shops, nicolae_shop_behind_doors,
          trog_butcher_becter
D:7:      layout_cave_pools, nicolae_overflow_quartered_altars,
          dancing_weapons_uskayaw, nicolae_overflow_crystal_walls,
          uniq_crazy_yiuf_cottage
D:8:      layout_layer_cave
D:9:      layout_loops_ring, grunt_temple_overflow_diamond,
          nicolae_tso_swordbearing_angel, kennysheep_little_box,
          hangedman_pestilent_swarm, kennysheep_windowed_goal
D:10:     layout_cave_pools, lair_entry_dummy, david_orc_2,
          corexii_leaking_fountain, kennysheep_doodads
D:11:     layout_long_grid, portal_ice_cave_rime,
          minmay_guarded_unrand_variability, uniq_psyche
D:12:     layout_irregular_city
D:13:     minmay_elf_outpost, layout_loops_ring, lightli_airlock
D:14:     layout_cross, david_vaults_2, lemuel_flame_loot_1, uniq_jorgrun
D:15:     grunt_enter_depths_giant_problem, layout_basic, roderic_lattice_a,
          minmay_the_grid_square_5x5_3x3_mashed
          [minmay_the_grid_square_5x5_hollow_slash,
          minmay_the_grid_square_5x5_checkered_statues,
          minmay_the_grid_square_5x5_inverted_slash,
          minmay_the_grid_square_5x5_one_wall,
          minmay_the_grid_square_5x5_megaprize_diamond,
          minmay_the_grid_square_5x5_beaten_path,
          minmay_the_grid_square_5x5_two_walls_b,
          minmay_the_grid_square_5x5_inner_z,
          minmay_the_grid_square_5x5_pentomino_r]
Temple:   kb_temple_of_zot
Lair:1:   layout_hall_layers, serial_bayou_ford_a, hibernation_bobbens,
          serial_bayou_shore_a, serial_bayou_shore_b
Lair:2:   statuecave_lemuel, layout_regular_city, palyth_hydra_swamp_entry,
          beast_lair_carwin_1
Lair:3:   layout_regular_city, spider_nest_entry_rubble, wad_woods_road_01,
          uniq_urug
Lair:4:   layout_small_grid, serial_bayou_lake_a, minmay_lair_oklob_chamber,
          lemuel_fruit_tree
Lair:5:   layout_gridlike
Lair:6:   grunt_lair_end_beastmaster, layout_loops_ring,
          minmay_slime_entry_oklob_enclosed, basic_altar, gammafunk_ghost_icy
Swamp:1:  cheibrodos_swamp_tower_of_moss, layout_basic_swamp,
          hangedman_swamp_lotus
Swamp:2:  layout_falls_marsh, gammafunk_ghost_mausoleum,
          evilmike_swamp_ruin_house_1, infiniplex_staircase_pool
Swamp:3:  layout_basic_swamp, evilmike_swamp_ruin_house_4,
          hangedman_swamp_wriggling, uniq_roxanne, uniq_nikola
Swamp:4:  swamp_basic_johnstein, layout_basic_swamp
Spider:1: layout_spider_delve, guppyfry_spider_mini_2
Spider:2: gammafunk_the_bubble [the_bubble_gammafunk_roulette],
          nicolae_spider_cling_ruins
Spider:3: layout_spider_delve
Spider:4: grunt_spider_rune_parallel, nicolae_looking_at_the_future
Orc:1:    cheibrodos_orc_arena, layout_caves, serial_shops, shop
Orc:2:    grunt_orc_cross, layout_diamond_mine, serial_shops, shop,
          minmay_shop_enchanted_jewellery
Vaults:1: ontoclasm_vaults_fault, ontoclasm_vaults_eye,
          nicolae_vaults_inception_scallops, serial_ice_m,
          nicolae_vaults_arrows, v_misc_25, nicolae_vaults_network_periphery,
          vaults_room_guarded_vault, vaults_dpeg_ring, serial_ice_h,
          nicolae_vaults_specimen_jars, layout_vaults_omnicross, serial_shops,
          shop

Skill      XL: |  1  2  3  4  5  6  7  8  9 10 11 12 13 14 15 16 17 18 19 |
---------------+----------------------------------------------------------+-----
Earth Magic    | 4 5 7 8 9 14 15 18 | 18.1
Spellcasting   | 3 6 8 9 13 14 | 14.0
Fighting       | 4 10 11 12 14 | 14.2
Dodging        | 7 11 12 | 12.0
Invocations    | 7 8 10 12 | 12.0
Conjurations   | 10 12 14 | 14.0
Evocations     | 5 7 11 | 11.0
Shields        | 8 |  8.5
Stealth        | |  1.7
Transmutations | |  1.0

Action                   |  1- 3 |  4- 6 |  7- 9 | 10-12 | 13-15 | 16-18 | 19-21 || total
-------------------------+-------+-------+-------+-------+-------+-------+-------++-------
Melee: Unarmed           |    10 |       |       |       |       |       |       ||    10
       Tailslap          |     8 |     8 |     6 |       |       |     1 |       ||    23
       Dagger            |    54 |    52 |    82 |       |       |       |       ||   188
       Staff             |       |       |       |     2 |     6 |     6 |     1 ||    15
Throw: Dart              |       |       |     2 |     3 |     3 |     3 |     2 ||    13
 Cast: Sandblast         |    58 |    44 |    54 |   112 |   256 |    91 |    30 ||   645
       Stone Arrow       |    13 |    19 |   109 |   198 |   324 |  1122 |    53 ||  1838
       Lee's Rapid Decon |       |       |    18 |    98 |   299 |   268 |    64 ||   747
       Petrify           |       |       |     4 |     8 |    10 |    28 |     1 ||    51
       Mephitic Cloud    |       |       |       |     1 |     2 |     4 |       ||     7
       Conjure Flame     |       |       |       |       |     5 |     2 |       ||     7
       Blink             |       |       |       |       |     1 |       |       ||     1
       Iron Shot         |       |       |       |       |       |    42 |     3 ||    45
       Swiftness         |       |       |       |       |       |     1 |       ||     1
 Abil: Draw Destruction  |       |       |       |    10 |    41 |    59 |       ||   110
       Draw Summoning    |       |       |       |     2 |    15 |     9 |       ||    26
Evoke: Lightning rod     |       |       |       |     4 |     7 |       |     4 ||    15
       Wand              |       |       |       |     1 |     6 |    28 |    11 ||    46
  Use: Scroll            |       |     7 |       |    13 |    10 |    17 |     1 ||    48
       Potion            |       |       |       |       |       |     7 |     1 ||     8
 Stab: Sleeping          |       |     3 |     2 |       |       |       |       ||     5
       Distracted        |       |       |     1 |       |       |       |       ||     1
  Eat: Chunk             |     7 |     9 |    23 |    41 |    57 |    47 |     9 ||   193
       Ration            |       |       |     1 |     3 |     7 |    23 |     1 ||    35
Armor: Skin              |    23 |    30 |   100 |    64 |   209 |   682 |    13 ||  1121
Dodge: Dodged            |    46 |    50 |   109 |   177 |   497 |  1551 |    62 ||  2492
Block: Buckler           |       |       |       |       |       |   566 |    14 ||   580

Table legend:
 A = Non-vault XP
 B = Vault XP
 C = Vault XP percentage of total XP
 D = Non-vault monster count
 E = Vault monster count
 F = Vault count percentage of total count
                 A         B        C        D         E       F
            +---------+---------+-------+---------+---------+-------
      Total |  244775 |  173335 |  41.5 |     986 |     417 |  29.7
            +---------+---------+-------+---------+---------+-------
        D:1 |      39 |       0 |   0.0 |      24 |       0 |   0.0
        D:2 |      52 |       0 |   0.0 |      23 |       0 |   0.0
        D:3 |     259 |     342 |  56.9 |      26 |       3 |  10.3
        D:4 |      21 |     611 |  96.7 |       8 |       5 |  38.5
        D:5 |     561 |       0 |   0.0 |      26 |       0 |   0.0
        D:6 |     385 |     239 |  38.3 |      18 |       4 |  18.2
        D:7 |     947 |      39 |   4.0 |      20 |       1 |   4.8
        D:8 |     547 |       0 |   0.0 |       8 |       0 |   0.0
        D:9 |    1852 |     766 |  29.3 |      34 |       5 |  12.8
       D:10 |    4172 |      21 |   0.5 |      30 |       7 |  18.9
       D:11 |    4241 |    1485 |  25.9 |      32 |       5 |  13.5
       D:12 |    8474 |       0 |   0.0 |      44 |       0 |   0.0
       D:13 |   11904 |   16121 |  57.5 |      46 |      28 |  37.8
       D:14 |    7578 |    5340 |  41.3 |      36 |       4 |  10.0
       D:15 |   16210 |    7487 |  31.6 |      55 |      17 |  23.6
     Lair:1 |    6287 |       0 |   0.0 |      23 |       0 |   0.0
     Lair:2 |    2477 |    4195 |  62.9 |      13 |      11 |  45.8
     Lair:3 |   14746 |    1728 |  10.5 |      38 |       5 |  11.6
     Lair:4 |    3773 |    2608 |  40.9 |      24 |       5 |  17.2
     Lair:5 |    3706 |       0 |   0.0 |      15 |       0 |   0.0
     Lair:6 |   10690 |   18607 |  63.5 |      21 |      31 |  59.6
    Swamp:1 |   14026 |    2024 |  12.6 |      32 |       1 |   3.0
    Swamp:2 |   15447 |    7198 |  31.8 |      45 |      17 |  27.4
    Swamp:3 |   16012 |   16202 |  50.3 |      43 |      20 |  31.7
    Swamp:4 |    9660 |   13961 |  59.1 |      22 |      19 |  46.3
   Spider:1 |   11532 |     924 |   7.4 |      41 |       4 |   8.9
   Spider:2 |   16080 |    5917 |  26.9 |      40 |      17 |  29.8
   Spider:3 |   22246 |    4301 |  16.2 |      63 |       5 |   7.4
   Spider:4 |   16598 |   20463 |  55.2 |      43 |      60 |  58.3
      Orc:1 |    1261 |    3340 |  72.6 |      19 |      19 |  50.0
      Orc:2 |    4995 |    6799 |  57.6 |      44 |      32 |  42.1
   Vaults:1 |   17997 |   26264 |  59.3 |      30 |      38 |  55.9
      IceCv |       0 |    6353 | 100.0 |       0 |      54 | 100.0
            +---------+---------+-------+---------+---------+-------
